 Dungeon Crawl Stone Soup version 0.31-a0-210-gccc998df9b (webtiles) character file.

Game seed: 11768442105151495737

42 qw the Chopper (level 3, -6/23 HPs)
             Began as a Gargoyle Fighter on June 29, 2023.
             Mangled by a gnoll
             ... wielding a +1 vampiric halberd
              (13 damage)
             ... on level 3 of the Dungeon.
             The game lasted 00:00:37 (1391 turns).

qw the Chopper (Gargoyle Fighter)                   Turns: 1391, Time: 00:00:38

Health: -6/23      AC: 12    Str: 21    XL:     3   Next: 54%
Magic:  3/3        EV:  7    Int:  8    God:
Gold:   108        SH:  4    Dex:  9    Spells: 2/2 levels left

rFire   . . .        Y - +2 war axe
rCold   . . .        c - +0 buckler
rNeg    + . .        k - +0 chain mail
rPois   inf          (no helmet)
rElec   +            (no cloak)
rCorr   .            (no gloves)
SInv    .            (no boots)
Will    .....        (no amulet) Stlth
                     (no ring)
HPRegen 0.23/turn    (no ring)
MPRegen 0.08/turn

%: no passive effects
@: no status effects
A: sickness immunity, AC +3, negative energy resistance 1, electricity
resistance, torment resistance 1, petrification resistance
a: no special abilities


You were on level 3 of the Dungeon.
You visited 1 branch of the dungeon, and saw 3 of its levels.

You collected 108 gold pieces.


Innate Abilities, Weirdness & Mutations

You are immune to sickness and miasma.
Your stone body is resilient. (AC +3)
You are immune to poison.
You resist negative energy. (rN+)
You are resistant to electric shocks. (rElec)
You are resistant to unholy torment.
You are immune to petrification.


   Skills:
 - Level 3.2 Fighting
 + Level 3.4 Axes
 - Level 3.2 Armour
 - Level 3.2 Shields


You had 2 spell levels left.
You didn't know any spells.
Your spell library was empty.

Inventory:

Hand Weapons
 h - a +0 whip
 Y - a +2 war axe (weapon)
Armour
 c - a +0 buckler (worn)
 k - a +0 chain mail (worn)
Potions
 d - 2 potions of might
 f - a potion of curing {unknown}
 i - a potion of degeneration {unknown}
 j - a potion of enlightenment {unknown}

Dungeon Overview and Level Annotations

Branches:
Dungeon (3/15)

Altars:

Annotations:
D:3 exclusion: 8 dart slugs


Message History

The slug dart hits you but does no damage.
The gnoll hits you from afar with a +1 vampiric halberd.
You hit the dart slug.
The dart slug is severely wounded.
The gnoll splashes around in the water.
The dart slug launches a dart at you.
The slug dart hits you but does no damage.
You hit the dart slug.
You kill the dart slug!
The gnoll hits you but does no damage.
You enter the shallow water.
Moving in this stuff is going to be slow.
The gnoll hits you but does no damage.
A gnoll comes into view. It is wielding a +0 halberd.
The gnoll shouts!
You hear a shout!
The gnoll hits you with a +1 vampiric halberd.
You block the gnoll's attack. The dart slug launches a dart at you.
The slug dart hits you but does no damage.
The gnoll throws a throwing net.
The throwing net hits you.
You become entangled in the net!
The gnoll hits you but does no damage.
You see here a throwing net.
You struggle against the net.
The gnoll splashes around in the water.
You struggle against the net.
The gnoll hits you but does no damage.
You struggle against the net.
The gnoll hits you with a +1 vampiric halberd.
The gnoll barely misses you.
You shred the net and break free!
The gnoll hits you with a +1 vampiric halberd.
The dart slug launches a dart at you. The slug dart hits you.
A goblin comes into view. It is wielding a +0 club.
The gnoll hits you but does no damage. 2 goblins come into view.
The goblin shouts! x3; You hear a shout! x2
The gnoll hits you from afar with a +1 vampiric halberd!
Ouch! That really hurt!
You die...

...~~~~~~.<$~~~~~~.
#~~~~~~w..)~~~~~#~
###~~~~~~~~.~~~~~~~~
....~~~~~~~.~~~~#~##
....~~~~.~$.~~~~#.#
#.#~~~w~7..#~#~~#.
##~~g~~~~~~w~...
########.~~~~~~w....#
.......@##~~.~~##.#
......g#####.### #
....... .# ....... .#
g......


gg..... ....... ....... You could see 2 gnolls, 2 dart slugs and 3 goblins.

Vanquished Creatures
  An adder (D:2)
  2 dart slugs
  6 ball pythons
  2 bats (D:2)
  4 endoplasms
  3 goblins (D:2)
  A hobgoblin (D:2)
  A kobold (D:1)
  2 quokkas (D:1)
  5 rats
27 creatures vanquished.

Notes
Turn   | Place    | Note
-------+----------+-------------------------------------------
     0 | D:1      | qw the Gargoyle Fighter began the quest for the Orb.
     0 | D:1      | Reached XP level 1. HP: 14/14 MP: 1/1
     0 | D:1      | 0 ||| qw: Version: 0.3-a-24-g62f9e04
     0 | D:1      | 0 ||| qw: Game counter: 6652
     0 | D:1      | 0 ||| qw: Melee chars always use a shield: true
     0 | D:1      | 0 ||| qw: God list: Okawaru
     0 | D:1      | 0 ||| qw: Allow faded altars: false
     0 | D:1      | 0 ||| qw: Do Orc after clearing Dungeon:15 true
     0 | D:1      | 0 ||| qw: Do second Lair branch before Depths: true
     0 | D:1      | 0 ||| qw: Lair rune preference: random
     0 | D:1      | 0 ||| qw: Goals: Normal, Zot:1-4, Slime:5, God:TSO, Crypt,
                  | Tomb, Abyss, Pan, Hells, Win
     0 | D:1      | 0 ||| PLANNING D:1-11
    85 | D:1      | 85 ||| Stepping ~*~*~tactically~*~*~ (hiding).
   116 | D:1      | 116 ||| DROPPING +0 club.
   158 | D:1      | 158 ||| Stepping ~*~*~tactically~*~*~ (stealth).
   190 | D:1      | 190 ||| Stepping ~*~*~tactically~*~*~ (stealth).
   198 | D:1      | Reached XP level 2. HP: 19/19 MP: 2/2
   310 | D:1      | 310 ||| Stepping ~*~*~tactically~*~*~ (hiding).
   649 | D:1      | 649 ||| READING scroll labelled VIURGH HANA.
   650 | D:1      | 650 ||| READING scroll labelled GIUDOO REOXA.
   651 | D:1      | 651 ||| READING scroll labelled VISAT NUDDAHE.
   673 | D:2      | Reached skill level 3 in Axes
   673 | D:2      | Reached XP level 3. HP: 23/23 MP: 3/3
   777 | D:2      | 777 ||| READING scroll of enchant weapon.
   777 | D:2      | 777 ||| ENCHANTING +1 war axe.
   865 | D:2      | 865 ||| Stepping ~*~*~tactically~*~*~ (stealth).
   867 | D:2      | 867 ||| Stepping ~*~*~tactically~*~*~ (stealth).
  1343 | D:2      | 1343 ||| UPGRADING to +0 chain mail.
  1353 | D:2      | 1353 ||| DROPPING +0 scale mail.
  1354 | D:2      | 1354 ||| READING scroll labelled PUFAAPPUIDD.
  1355 | D:2      | 1355 ||| READING scroll labelled YGON FUATH.
  1356 | D:2      | 1356 ||| READING scroll labelled VOZAOCE UCRU.
  1391 | D:3      | Mangled by a gnoll

Levels and vault maps discovered:
D:1:      scummos_arrival_simple_fountains, layout_loops_ring, minmay_ruptured
D:2:      layout_basic
D:3:      kennysheep_slugbush, layout_basic, led_xom_imps, serial_shops,
          nicolae_book_shop_shelving, uniq_robin

Skill      XL: |  1  2 |
---------------+-------+-----
Axes           | 2 3 |  3.4
Fighting       | |  3.2
Armour         | |  3.2
Shields        | |  3.2

Action                     || total
---------------------------++-------
  Melee: War axe           ||    73
    Use: Scroll            ||     7
 Armour: Scale mail        ||    26
         Chain mail        ||    11
  Dodge: Dodged            ||    25
  Block: Buckler           ||    11

Table legend:
 A = Non-vault XP
 B = Vault XP
 C = Vault XP percentage of total XP
 D = Non-vault monster count
 E = Vault monster count
 F = Vault count percentage of total count
                 A         B        C        D         E       F
            +---------+---------+-------+---------+---------+-------
      Total |      53 |       7 |  11.7 |      24 |       3 |  11.1
            +---------+---------+-------+---------+---------+-------
        D:1 |      21 |       3 |  12.5 |      10 |       2 |  16.7
        D:2 |      32 |       0 |   0.0 |      14 |       0 |   0.0
        D:3 |       0 |       4 | 100.0 |       0 |       1 | 100.0
            +---------+---------+-------+---------+---------+-------
